| TOP OF THE 1ST |
|
Madison Brewers batting - Pitching for Tijuana Toros : LHP Israel Cerna
|
|
Pitching: LHP Israel Cerna
|
|
|
Batting: RHB Ben Follett
|
0-0: Ball 1-0: Ball 2-0: Ball 3-0: Called Strike 3-1: Base on Balls
|
|
Batting: RHB Malcolm McCauley
|
0-0: Called Strike 0-1: Ball Ben Follett steals 2nd base 1-1: Foul Ball, location: 2F 1-2: Ball 2-2: Strikes out swinging
|
|
Batting: RHB Jelani Griffin
|
0-0: 2-RUN HOME RUN (Flyball, 7D, EV 101.2 MPH), Distance : 388 ft
|
|
Batting: LHB Bill Kovac
|
0-0: Foul Ball, location: 2F 0-1: Foul Ball, location: 2F 0-2: Strikes out swinging
|
|
Batting: RHB Cory Taylor
|
0-0: Fly out, F8 (Flyball, 8RM, EV 73.8 MPH)
|
| Top of the 1st over - 2 runs, 1 hit, 0 errors, 0 left on base; Madison 2 - Tijuana 0 |
| BOTTOM OF THE 1ST |
|
Tijuana Toros batting - Pitching for Madison Brewers : RHP Dante Taylor
|
|
Pitching: RHP Dante Taylor
|
|
|
Batting: RHB Guillermo Puente
|
0-0: Called Strike 0-1: Ball 1-1: Foul Ball, location: 2F 1-2: Strikes out swinging
|
|
Batting: RHB Guo Kwok
|
0-0: Called Strike 0-1: Ball 1-1: SINGLE (Groundball, 6MD, EV 105.6 MPH)
|
|
Batting: RHB Jerry Afghani
|
0-0: Ball 1-0: Called Strike 1-1: Swinging Strike 1-2: Ball 2-2: Foul Ball, location: 2F 2-2: Strikes out looking
|
|
Batting: LHB Jose Diaz
|
0-0: Ball 1-0: Called Strike 1-1: Ball 2-1: Foul Ball, location: 2F 2-2: Ball 3-2: Foul Ball, location: 2F 3-2: SINGLE (Line Drive, 4D, EV 96.2 MPH) Guo Kwok to second Guo Kwok to third
|
|
Batting: RHB Mario Diaz
|
0-0: SINGLE (Groundball, 6MD, EV 96.2 MPH) Guo Kwok scores Jose Diaz to second
|
|
Batting: RHB Tan-ming Kwan
|
0-0: Ball 1-0: Foul Ball, location: 2F 1-1: Foul Ball, location: 2F 1-2: Fly out, F7 (Line Drive, 7LS, EV 93.8 MPH)
|
| Bottom of the 1st over - 1 run, 3 hits, 0 errors, 2 left on base; Madison 2 - Tijuana 1 |
| TOP OF THE 2ND |
|
Madison Brewers batting - Pitching for Tijuana Toros : LHP Israel Cerna
|
|
Batting: RHB Patrick Foote
|
0-0: Called Strike 0-1: Foul Ball, location: 2F 0-2: Strikes out swinging
|
|
Batting: RHB Dave Guevara
|
0-0: Ball 1-0: Swinging Strike 1-1: Ground out 6-3 (Groundball, 6S, EV 63.1 MPH)
|
|
Batting: RHB Kelan Rae
|
0-0: Fly out, F8 (Flyball, 8RS, EV 89.4 MPH)
|
| Top of the 2nd over - 0 runs, 0 hits, 0 errors, 0 left on base; Madison 2 - Tijuana 1 |
| BOTTOM OF THE 2ND |
|
Tijuana Toros batting - Pitching for Madison Brewers : RHP Dante Taylor
|
|
Batting: RHB Tony Vasquez
|
0-0: Ball 1-0: Ball 2-0: Called Strike 2-1: Swinging Strike 2-2: Foul Ball, location: 2F 2-2: Hit by Pitch
|
|
Batting: RHB Clay Holgate
|
0-0: Ball 1-0: Ball Tony Vasquez is caught stealing 2nd base 2-4 2-0: Called Strike 2-1: Fly out, F9 (Line Drive, 89M, EV 92.5 MPH)
|
|
Batting: LHB Gerardo Arriaga
|
0-0: Ball 1-0: Foul Ball, location: 2F 1-1: Ball 2-1: Foul Ball, location: 2F 2-2: Ball 3-2: Foul Ball, location: 2F 3-2: Ground out 4-3 (Groundball, 4, EV 83.8 MPH)
|
| Bottom of the 2nd over - 0 runs, 0 hits, 0 errors, 0 left on base; Madison 2 - Tijuana 1 |
| TOP OF THE 3RD |
|
Madison Brewers batting - Pitching for Tijuana Toros : LHP Israel Cerna
|
|
Batting: LHB Andy Underwood
|
0-0: Ground out 6-3 (Groundball, P, EV 90.0 MPH)
|
|
Batting: RHB Ben Follett
|
0-0: Ball 1-0: Swinging Strike 1-1: Swinging Strike 1-2: Foul Ball, location: 2F 1-2: Strikes out swinging
|
|
Batting: RHB Malcolm McCauley
|
0-0: Ball 1-0: Foul Ball, location: 2F 1-1: Called Strike 1-2: Foul Ball, location: 2F 1-2: Ball 2-2: Foul Ball, location: 2F 2-2: Ball 3-2: SINGLE (Line Drive, 7LS, EV 92.5 MPH)
|
|
Batting: RHB Jelani Griffin
|
0-0: Ball 1-0: Ball 2-0: Ball 3-0: Base on Balls Malcolm McCauley to second
|
|
Batting: LHB Bill Kovac
|
0-0: Called Strike 0-1: Swinging Strike 0-2: Fly out, F7 (Line Drive, 7D, EV 91.2 MPH)
|
| Top of the 3rd over - 0 runs, 1 hit, 0 errors, 2 left on base; Madison 2 - Tijuana 1 |
| BOTTOM OF THE 3RD |
|
Tijuana Toros batting - Pitching for Madison Brewers : RHP Dante Taylor
|
|
Batting: RHB Guillermo Puente
|
0-0: Foul Ball, location: 2F 0-1: Ball 1-1: Foul Ball, location: 2F 1-2: Ball 2-2: SOLO HOME RUN (Flyball, 7D, EV 98.1 MPH), Distance : 375 ft
|
|
Batting: RHB Guo Kwok
|
0-0: Called Strike 0-1: Called Strike 0-2: Ball 1-2: Ball 2-2: Ball 3-2: Strikes out swinging
|
|
Batting: RHB Jerry Afghani
|
0-0: Called Strike 0-1: Called Strike 0-2: Ball 1-2: Ball 2-2: Ball 3-2: Foul Ball, location: 2F 3-2: Foul Ball, location: 2F 3-2: Foul Ball, location: 2F 3-2: Base on Balls
|
|
Batting: LHB Jose Diaz
|
0-0: Called Strike 0-1: Ball Jerry Afghani is caught stealing 2nd base 2-6 1-1: Fly out, F8 (Flyball, 8RM, EV 86.9 MPH)
|
| Bottom of the 3rd over - 1 run, 1 hit, 0 errors, 0 left on base; Madison 2 - Tijuana 2 |
| TOP OF THE 4TH |
|
Madison Brewers batting - Pitching for Tijuana Toros : LHP Israel Cerna
|
|
Batting: RHB Cory Taylor
|
0-0: Called Strike 0-1: Ball 1-1: Swinging Strike 1-2: Ball 2-2: Strikes out swinging
|
|
Batting: RHB Patrick Foote
|
0-0: Ball 1-0: Called Strike 1-1: Ball 2-1: Called Strike 2-2: Foul Ball, location: 2F 2-2: Strikes out swinging, 2-3 out at first.
|
|
Batting: RHB Dave Guevara
|
0-0: Foul Ball, location: 2F 0-1: Ball 1-1: Called Strike 1-2: Ground out 3-1 (Groundball, 13, EV 81.9 MPH)
|
| Top of the 4th over - 0 runs, 0 hits, 0 errors, 0 left on base; Madison 2 - Tijuana 2 |
| BOTTOM OF THE 4TH |
|
Tijuana Toros batting - Pitching for Madison Brewers : RHP Dante Taylor
|
|
Batting: RHB Mario Diaz
|
0-0: Called Strike 0-1: Foul Ball, location: 2F 0-2: Foul Ball, location: 2F 0-2: Strikes out looking
|
|
Batting: RHB Tan-ming Kwan
|
0-0: Ball 1-0: Ball 2-0: Foul Ball, location: 2F 2-1: Hit by Pitch
|
|
Batting: RHB Tony Vasquez
|
0-0: Ball 1-0: Fly out, F8 (Flyball, 89M, EV 84.4 MPH)
|
|
Batting: RHB Clay Holgate
|
0-0: Ball 1-0: Ball 2-0: Ball 3-0: Called Strike 3-1: Fly out, F8 (Flyball, 89S, EV 81.9 MPH)
|
| Bottom of the 4th over - 0 runs, 0 hits, 0 errors, 1 left on base; Madison 2 - Tijuana 2 |
| TOP OF THE 5TH |
|
Madison Brewers batting - Pitching for Tijuana Toros : LHP Israel Cerna
|
|
Batting: RHB Kelan Rae
|
0-0: Called Strike 0-1: Called Strike 0-2: Ball 1-2: Ball 2-2: SINGLE (Groundball, 34D, EV 110.6 MPH)
|
|
Batting: LHB Andy Underwood
|
0-0: Called Strike 0-1: Swinging Strike 0-2: Fly out, F7 (Flyball, 7S, EV 76.9 MPH)
|
|
Batting: RHB Ben Follett
|
0-0: Called Strike 0-1: Called Strike 0-2: Ball 1-2: Strikes out swinging
|
|
Batting: RHB Malcolm McCauley
|
0-0: Called Strike 0-1: Foul Ball, location: 2F 0-2: Ball 1-2: Foul Ball, location: 2F 1-2: Ball 2-2: Strikes out looking
|
| Top of the 5th over - 0 runs, 1 hit, 0 errors, 1 left on base; Madison 2 - Tijuana 2 |
| BOTTOM OF THE 5TH |
|
Tijuana Toros batting - Pitching for Madison Brewers : RHP Dante Taylor
|
|
Pitching: RHP Matt Stearns
|
|
|
Batting: LHB Gerardo Arriaga
|
0-0: Ball 1-0: Ball 2-0: Called Strike 2-1: Swinging Strike 2-2: Foul Ball, location: 2F 2-2: Ground out 6-3 (Groundball, 6, EV 88.1 MPH)
|
|
Batting: RHB Guillermo Puente
|
0-0: Ball 1-0: Swinging Strike 1-1: Foul Ball, location: 2F 1-2: Foul Ball, location: 2F 1-2: Foul Ball, location: 2F 1-2: Foul Ball, location: 2F 1-2: SOLO HOME RUN (Flyball, 7D, EV 96.9 MPH), Distance : 375 ft
|
|
Batting: RHB Guo Kwok
|
0-0: SINGLE (Line Drive, 56, EV 96.9 MPH)
|
|
Batting: RHB Jerry Afghani
|
0-0: Ball 1-0: Swinging Strike 1-1: SINGLE (Groundball, 6MD, EV 97.5 MPH) Guo Kwok to second Runner from 2nd tries for 3rd, SAFE, no throw by CF
|
|
Batting: LHB Jose Diaz
|
0-0: Ball 1-0: Ball 2-0: Ball 3-0: Called Strike 3-1: Base on Balls Jerry Afghani to second
|
|
Batting: RHB Mario Diaz
|
0-0: Called Strike 0-1: Ball 1-1: Swinging Strike 1-2: Foul Ball, location: 2F 1-2: Fly out, F4 (Popup, 4M, EV 56.9 MPH)
|
|
Batting: RHB Tan-ming Kwan
|
0-0: Swinging Strike 0-1: Called Strike 0-2: Ball 1-2: Ball 2-2: Foul Ball, location: 2F 2-2: Ball 3-2: Foul Ball, location: 2F 3-2: Foul Ball, location: 2F 3-2: Foul Ball, location: 2F 3-2: Base on Balls Guo Kwok scores Jerry Afghani to third Jose Diaz to second
|
|
Batting: RHB Tony Vasquez
|
0-0: Called Strike 0-1: Foul Ball, location: 2F 0-2: Strikes out swinging
|
| Bottom of the 5th over - 2 runs, 3 hits, 0 errors, 3 left on base; Madison 2 - Tijuana 4 |
| TOP OF THE 6TH |
|
Madison Brewers batting - Pitching for Tijuana Toros : LHP Israel Cerna
|
|
Batting: RHB Jelani Griffin
|
0-0: Called Strike 0-1: Foul Ball, location: 2F 0-2: Ball 1-2: Foul Ball, location: 2F 1-2: SOLO HOME RUN (Flyball, 78XD, EV 111.2 MPH), Distance : 426 ft
|
|
Batting: LHB Bill Kovac
|
0-0: Foul Ball, location: 2F 0-1: Ball 1-1: Ball 2-1: Ground out 5-3 (Groundball, 56, EV 96.2 MPH)
|
|
Batting: RHB Cory Taylor
|
0-0: Called Strike 0-1: Foul Ball, location: 2F 0-2: Ball 1-2: Foul Ball, location: 2F 1-2: Foul Ball, location: 2F 1-2: Strikes out swinging
|
|
Batting: RHB Patrick Foote
|
0-0: Called Strike 0-1: Foul Ball, location: 2F 0-2: Foul Ball, location: 2F 0-2: Foul Ball, location: 2F 0-2: Strikes out swinging
|
| Top of the 6th over - 1 run, 1 hit, 0 errors, 0 left on base; Madison 3 - Tijuana 4 |
| BOTTOM OF THE 6TH |
|
Tijuana Toros batting - Pitching for Madison Brewers : RHP Matt Stearns
|
|
Batting: RHB Jaylen North
|
0-0: Ground out 6-3 (Groundball, 6, EV 90.6 MPH)
|
|
Batting: LHB Gerardo Arriaga
|
0-0: Ball 1-0: Called Strike 1-1: Ground out 4-3 (Groundball, 4, EV 94.4 MPH)
|
|
Batting: RHB Guillermo Puente
|
0-0: Foul Ball, location: 2F 0-1: Fly out, F9 (Flyball, 9D, EV 91.9 MPH)
|
| Bottom of the 6th over - 0 runs, 0 hits, 0 errors, 0 left on base; Madison 3 - Tijuana 4 |
| TOP OF THE 7TH |
|
Madison Brewers batting - Pitching for Tijuana Toros : LHP Israel Cerna
|
|
Batting: RHB Dave Guevara
|
0-0: Ball 1-0: Ball 2-0: Ball 3-0: Called Strike 3-1: Swinging Strike 3-2: Strikes out swinging
|
|
Pitching: RHP Karl Sullivan
|
|
|
Pinch Hitting: LHB Jackson Wither
|
0-0: Ball 1-0: Foul Ball, location: 2F 1-1: Foul Ball, location: 2F 1-2: Foul Ball, location: 2F 1-2: Ball 2-2: Foul Ball, location: 2F 2-2: Foul Ball, location: 2F 2-2: Ball 3-2: Foul Ball, location: 2F 3-2: Fly out, F9 (Flyball, 89S, EV 86.2 MPH)
|
|
Pinch Hitting: RHB Bobby Raya
|
0-0: Swinging Strike 0-1: Foul Ball, location: 2F 0-2: Ball 1-2: Ball 2-2: Fly out, F9 (Flyball, 9D, EV 106.9 MPH)
|
| Top of the 7th over - 0 runs, 0 hits, 0 errors, 0 left on base; Madison 3 - Tijuana 4 |
| BOTTOM OF THE 7TH |
|
Tijuana Toros batting - Pitching for Madison Brewers : RHP Matt Stearns
|
|
Now at 2B: Jackson Wither
|
|
|
Now in RF: Rick Acevedo
|
|
|
Batting: RHB Guo Kwok
|
0-0: Ball 1-0: Fly out, F8 (Line Drive, 8LD, EV 93.1 MPH)
|
|
Batting: RHB Jerry Afghani
|
0-0: Called Strike 0-1: Foul Ball, location: 2F 0-2: Ball 1-2: Ball 2-2: Foul Ball, location: 2F 2-2: Foul Ball, location: 2F 2-2: Fly out, F3 (Line Drive, 3L, EV 60.6 MPH)
|
|
Batting: LHB Jose Diaz
|
0-0: Called Strike 0-1: Ground out 5-3 (Groundball, 56S, EV 89.4 MPH)
|
| Bottom of the 7th over - 0 runs, 0 hits, 0 errors, 0 left on base; Madison 3 - Tijuana 4 |
| TOP OF THE 8TH |
|
Madison Brewers batting - Pitching for Tijuana Toros : RHP Karl Sullivan
|
|
Batting: RHB Ben Follett
|
0-0: Called Strike 0-1: Ground out 6-3 (Groundball, 6S, EV 70.0 MPH)
|
|
Pinch Hitting: LHB Danny Roberts
|
0-0: Ball 1-0: Ball 2-0: Ball 3-0: Base on Balls
|
|
Batting: RHB Jelani Griffin
|
0-0: Ball 1-0: Ball 2-0: Ball 3-0: Base on Balls Danny Roberts to second
|
|
Batting: LHB Bill Kovac
|
0-0: Ball 1-0: Ball 2-0: Ball 3-0: Called Strike 3-1: Foul Ball, location: 2F 3-2: Foul Ball, location: 2F 3-2: Strikes out swinging
|
|
Pitching: RHP Malik Victor
|
|
|
Pinch Hitting: LHB Moriaki Saito
|
0-0: Ball 1-0: Swinging Strike 1-1: Swinging Strike 1-2: Strikes out swinging
|
| Top of the 8th over - 0 runs, 0 hits, 0 errors, 2 left on base; Madison 3 - Tijuana 4 |
| BOTTOM OF THE 8TH |
|
Tijuana Toros batting - Pitching for Madison Brewers : RHP Matt Stearns
|
|
Now in LF: Rick Acevedo
|
|
|
Now in CF: Sammar Wambugu
|
|
|
Now in RF: Danny Roberts
|
|
|
Batting: RHB Mario Diaz
|
0-0: Called Strike 0-1: Ball 1-1: SINGLE (Line Drive, 4D, EV 98.1 MPH)
|
|
Pitching: RHP Noah Peek
|
|
|
Batting: RHB Tan-ming Kwan
|
0-0: Ball 1-0: Called Strike Mario Diaz steals 2nd base 1-1: Foul Ball, location: 2F 1-2: SINGLE (Line Drive, 9S, EV 106.2 MPH) Mario Diaz to third
|
|
Batting: RHB Tony Vasquez
|
0-0: Called Strike 0-1: Ball 1-1: Called Strike 1-2: Ball 2-2: Ball Tan-ming Kwan is caught stealing 2nd base 2-4 3-2: SINGLE (Groundball, 6, EV 101.9 MPH) (infield hit) Mario Diaz scores
|
|
Batting: RHB Jaylen North
|
0-0: Foul Ball, location: 2F 0-1: Called Strike 0-2: Ball 1-2: Fielders Choice at 2nd, 2-4 (Groundball, 15S, EV 66.9 MPH)
|
|
Batting: LHB Gerardo Arriaga
|
0-0: Called Strike 0-1: Foul Ball, location: 2F 0-2: Foul Ball, location: 2F 0-2: Foul Ball, location: 2F 0-2: Foul Ball, location: 2F 0-2: Strikes out looking
|
| Bottom of the 8th over - 1 run, 3 hits, 0 errors, 1 left on base; Madison 3 - Tijuana 5 |
| TOP OF THE 9TH |
|
Madison Brewers batting - Pitching for Tijuana Toros : RHP Malik Victor
|
|
Pitching: RHP Joe Goodwin
|
|
|
Pinch Hitting: RHB Mario Lopez
|
0-0: Ball 1-0: Foul Ball, location: 2F 1-1: Swinging Strike 1-2: Fly out, F8 (Flyball, 8LD, EV 88.8 MPH)
|
|
Pinch Hitting: RHB Yang-cheng Kui
|
0-0: Called Strike 0-1: DOUBLE (Line Drive, 9LM, EV 108.8 MPH)
|
|
Batting: LHB Jackson Wither
|
0-0: Foul Ball, location: 2F 0-1: Ball 1-1: Foul Ball, location: 2F 1-2: Ball 2-2: Strikes out looking
|
|
Batting: RHB Rick Acevedo
|
0-0: Foul Ball, location: 2F 0-1: Ball 1-1: Foul Ball, location: 2F 1-2: Ball 2-2: Foul Ball, location: 2F 2-2: Foul Ball, location: 2F 2-2: Foul Ball, location: 2F 2-2: Foul Ball, location: 2F 2-2: 2-RUN HOME RUN (Flyball, 7D, EV 100.0 MPH), Distance : 394 ft
|
|
Batting: RHB Ben Follett
|
0-0: Ball 1-0: Ball 2-0: Called Strike 2-1: Foul Ball, location: 2F 2-2: Ball 3-2: Base on Balls
|
|
Batting: LHB Danny Roberts
|
0-0: Ball 1-0: Called Strike 1-1: Called Strike Ben Follett steals 2nd base 1-2: Ball 2-2: Ball 3-2: Intentional Walk
|
|
Pitching: RHP Jimmy Hitchcock
|
|
|
Batting: RHB Jelani Griffin
|
0-0: Ball 1-0: Foul Ball, location: 2F 1-1: Fly out, F7 (Flyball, 78M, EV 87.5 MPH)
|
| Top of the 9th over - 2 runs, 2 hits, 0 errors, 2 left on base; Madison 5 - Tijuana 5 |
| BOTTOM OF THE 9TH |
|
Tijuana Toros batting - Pitching for Madison Brewers : RHP Noah Peek
|
|
Now at C: Mario Lopez
|
|
|
Now at SS: Yang-cheng Kui
|
|
|
Batting: RHB Guillermo Puente
|
0-0: Called Strike 0-1: Foul Ball, location: 2F 0-2: Strikes out swinging
|
|
Batting: RHB Guo Kwok
|
0-0: Ball 1-0: Foul Ball, location: 2F 1-1: Foul Ball, location: 2F 1-2: Ball 2-2: Foul Ball, location: 2F 2-2: Strikes out swinging
|
|
Batting: RHB Jerry Afghani
|
0-0: Ball 1-0: Ball 2-0: DOUBLE (Line Drive, 78D, EV 104.4 MPH)
|
|
Batting: LHB Jose Diaz
|
0-0: Intentional Walk
|
|
Batting: RHB Mario Diaz
|
0-0: Called Strike 0-1: Ball 1-1: Foul Ball, location: 2F 1-2: Strikes out swinging, 2-3 out at first.
|
| Bottom of the 9th over - 0 runs, 1 hit, 0 errors, 2 left on base; Madison 5 - Tijuana 5 |
| TOP OF THE 10TH |
|
Madison Brewers batting - Pitching for Tijuana Toros : RHP Jimmy Hitchcock
|
|
Batting: LHB Bill Kovac
|
0-0: Ball 1-0: Swinging Strike 1-1: Fly out, F7 (Flyball, 7LS, EV 91.2 MPH)
|
|
Pinch Hitting: RHB Ivan Rivera
|
0-0: Ball 1-0: Foul Ball, location: 2F 1-1: Foul Ball, location: 2F 1-2: Ball 2-2: Fly out, F8 (Flyball, 8LD, EV 94.4 MPH)
|
|
Batting: RHB Mario Lopez
|
0-0: Foul Ball, location: 2F 0-1: Ball 1-1: SOLO HOME RUN (Line Drive, 7D, EV 104.4 MPH), Distance : 398 ft
|
|
Batting: RHB Yang-cheng Kui
|
0-0: Called Strike 0-1: Ball 1-1: Ground out 4-3 (Groundball, 34, EV 91.9 MPH)
|
| Top of the 10th over - 1 run, 1 hit, 0 errors, 0 left on base; Madison 6 - Tijuana 5 |
| BOTTOM OF THE 10TH |
|
Tijuana Toros batting - Pitching for Madison Brewers : RHP Noah Peek
|
|
Pitching: LHP Matt Rhinehart
|
|
|
Now in CF: Todd Massad
|
|
|
Batting: RHB Tan-ming Kwan
|
0-0: Ball 1-0: Ball 2-0: SINGLE (Line Drive, 8RS, EV 103.1 MPH)
|
|
Pinch Hitting: RHB Shiki Nomoto
|
0-0: Bunted foul 0-1: Reached on error, E2 (Groundball, 2L, EV 43.8 MPH) Tan-ming Kwan to third
|
|
Batting: RHB Jaylen North
|
0-0: Intentional Walk
|
|
Pinch Hitting: RHB Djoka Subasic
|
0-0: Ball 1-0: Ball 2-0: Swinging Strike 2-1: Foul Ball, location: 2F 2-2: Strikes out swinging
|
|
Batting: RHB Guillermo Puente
|
0-0: Called Strike 0-1: Ball 1-1: GRAND SLAM HOME RUN (Flyball, 78XD, EV 108.8 MPH), Distance : 433 ft
|
| Bottom of the 10th over - 4 runs, 2 hits, 1 error, 0 left on base; Madison 6 - Tijuana 9 |
|